[Event "December 19 Late 2023"]
[Site "https://www.chess.com"]
[Date "2023.12.19"]
[Round "9"]
[White "Lymar, Vladislav"]
[Black "Poormosavi, Seyed Kian"]
[Result "0-1"]
[Board "26"]
[TimeControl "180+1"]
[WhiteFideId "14162180"]
[BlackFideId "12585807"]
[WhiteElo "2158"]
[BlackElo "2296"]
[WhiteTeam "UKR"]
[BlackTeam "IRI"]
[WhiteClock "0:00:09"]
[BlackClock "0:01:34"]

1. d4 Nf6 2. Bf4 b6 3. e3 Bb7 4. Nf3 g6 5. h3 Bg7 6. Be2 O-O 7. O-O d6 8. a4 c5 9. c3 Nbd7 10. Nbd2 Qc7 11. Bh2 a6 12. Qb3 Bc6 13. Bd3 Qb7 14. Rfe1 b5 15. axb5 axb5 16. Rxa8 Rxa8 17. c4 bxc4 18. Qxb7 Bxb7 19. Bxc4 Rb8 20. dxc5 Nxc5 21. b4 Nce4 22. Nb3 Bd5 23. Bxd5 Nxd5 24. Nbd4 Rxb4 25. Rd1 Ndc3 26. Re1 Rb2 27. Ra1 Bxd4 28. Nxd4 Rxf2 29. Ra7 Kf8 30. Bf4 g5 31. Nf5 f6 32. Bg3 Rxf5 33. Be1 Rd5 34. Kf1 Rd1 35. Ra8+ Kf7 36. g4 Ng3+ 37. Kf2 Nce4+ 38. Kg2 Rxe1 0-1

[Event "December 19 Late 2023"]
[Site "https://www.chess.com"]
[Date "2023.12.19"]
[Round "9"]
[White "Dyachuk, Artem"]
[Black "petr577"]
[Result "1-0"]
[Board "27"]
[TimeControl "180+1"]
[WhiteFideId "34107924"]
[WhiteElo "2244"]
[BlackElo "2354"]
[WhiteTeam "UKR"]
[WhiteClock "0:00:59"]
[BlackClock "0:00:02"]

1. e4 e5 2. Nf3 Nc6 3. Bb5 a6 4. Ba4 Nge7 5. O-O g6 6. c3 Bg7 7. d4 exd4 8. cxd4 b5 9. Bc2 d5 10. e5 h6 11. Nbd2 O-O 12. Nb3 Kh7 13. Bd2 f6 14. exf6 Bxf6 15. h3 Bg7 16. Re1 Bf5 17. Rc1 Qd7 18. Nc5 Qc8 19. Bxf5 Qxf5 20. Be3 a5 21. Nd3 Rac8 22. Rc5 b4 23. Nde5 Nxe5 24. dxe5 c6 25. Rxa5 Rfe8 26. Ra7 c5 27. Qa4 d4 28. Bd2 Nd5 29. Qa6 Nc7 30. Qc6 Ne6 31. Qd5 Rcd8 32. Qc4 Rc8 33. a4 g5 34. a5 g4 35. hxg4 Qxg4 36. a6 Rg8 37. Re7 Rc6 38. a7 Kh8 39. Qd3 Nf4 40. Bxf4 Qxf4 41. Re4 Qc1+ 42. Re1 Qf4 43. Qc4 Qg4 44. Qxg8+ Kxg8 45. a8=Q+ Bf8 46. Qxc6 Bxe7 47. Qe4 Qg7 48. Qd5+ Kh7 49. e6 d3 50. Qxd3+ 1-0

[Event "December 19 Late 2023"]
[Site "https://www.chess.com"]
[Date "2023.12.19"]
[Round "9"]
[White "Sanal, Vahap"]
[Black "Fernandez Diaz, Cristian"]
[Result "1-0"]
[Board "28"]
[TimeControl "180+1"]
[WhiteFideId "6300545"]
[BlackFideId "22256687"]
[WhiteElo "2637"]
[BlackElo "2170"]
[WhiteTeam "TUR"]
[BlackTeam "ESP"]
[WhiteClock "0:01:25"]
[BlackClock "0:00:06"]

1. c4 Nf6 2. Nc3 d5 3. cxd5 Nxd5 4. e4 Nxc3 5. bxc3 c5 6. Nf3 g6 7. Bb5+ Bd7 8. Bxd7+ Qxd7 9. O-O Bg7 10. d4 O-O 11. Be3 cxd4 12. cxd4 Nc6 13. d5 Na5 14. Bd4 Rfc8 15. Bxg7 Kxg7 16. Qd4+ Kg8 17. Ne5 Qd6 18. Ng4 f6 19. e5 fxe5 20. Nxe5 Qf6 21. Qe4 Rd8 22. Ng4 Qd6 23. Rfe1 Rd7 24. Qd4 h5 25. Rad1 Rad8 26. Nh6+ Kh7 27. Nf7 Qf6 28. Nxd8 Rxd8 29. Qxf6 exf6 30. Re7+ Kh6 31. d6 Nc4 32. d7 Nb6 33. a4 a5 34. f4 g5 35. f5 g4 36. Rd6 Nc4 37. Re8 Nxd6 38. Rxd8 Nxf5 39. Rh8+ 1-0

[Event "December 19 Late 2023"]
[Site "https://www.chess.com"]
[Date "2023.12.19"]
[Round "9"]
[White "Chigaev, Maksim"]
[Black "Sivakumar, Shaaketh"]
[Result "0-1"]
[Board "29"]
[TimeControl "180+1"]
[WhiteFideId "4108116"]
[BlackFideId "30940176"]
[WhiteElo "2561"]
[BlackElo "2292"]
[WhiteTeam "ESP"]
[BlackTeam "USA"]
[WhiteClock "0:00:57"]
[BlackClock "0:01:54"]

1. d4 e6 2. c4 b6 3. Nf3 Bb7 4. g4 Bb4+ 5. Bd2 Qe7 6. Bg2 Nf6 7. g5 Ne4 8. h4 Nxd2 9. Nbxd2 c5 10. a3 Ba5 11. e3 Nc6 12. O-O h6 13. dxc5 bxc5 14. Ne4 Bc7 15. b4 cxb4 16. axb4 Nxb4 17. Qb1 hxg5 18. hxg5 f5 19. Ng3 a5 20. e4 Bxg3 21. fxg3 Bxe4 22. Qb2 Qc5+ 23. Qf2 Qxf2+ 24. Kxf2 a4 25. Nh4 a3 26. Bxe4 fxe4 27. Rfb1 Ra4 28. Rxb4 O-O+ 29. Ke3 Rxb4 30. Rxa3 Rxc4 31. Ng6 Rf3+ 0-1

[Event "December 19 Late 2023"]
[Site "https://www.chess.com"]
[Date "2023.12.19"]
[Round "9"]
[White "Gokerkan, Cem Kaan"]
[Black "Lizak, Peter"]
[Result "1-0"]
[Board "30"]
[TimeControl "180+1"]
[WhiteFideId "6336760"]
[BlackFideId "731595"]
[WhiteElo "2365"]
[BlackElo "2420"]
[WhiteTeam "TUR"]
[BlackTeam "HUN"]
[WhiteClock "0:00:43"]
[BlackClock "0:00:05"]

1. e4 e6 2. d4 d5 3. Nd2 Nf6 4. e5 Nfd7 5. c3 c5 6. Bd3 Nc6 7. Ne2 cxd4 8. cxd4 f6 9. exf6 Nxf6 10. O-O Bd6 11. Nf3 Qc7 12. g3 O-O 13. Bf4 Ne4 14. Qc1 g5 15. Bxd6 Nxd6 16. Qxg5+ Qg7 17. Qh5 Bd7 18. Kg2 Be8 19. Qg5 Bg6 20. Bxg6 hxg6 21. Nf4 Ne4 22. Qxg6 Qxg6 23. Nxg6 Rxf3 24. Kxf3 Nxd4+ 25. Kg2 Kg7 26. Nf4 Kf6 27. Rfd1 Nf5 28. Rac1 Rg8 29. Rc7 Nh4+ 30. Kf1 Nf3 31. h4 Nh2+ 32. Ke2 Ng4 33. Nd3 Kg6 34. Rxb7 Rf8 35. Nf4+ Kf5 36. Rf1 Rc8 37. Rf7+ Ke5 38. Nd3+ Kd4 39. Rc1 Rb8 40. Rf4 Nxf2 41. Nxf2 Rxb2+ 42. Kf1 Ke3 43. Nxe4 dxe4 44. Re1+ 1-0

[Event "December 19 Late 2023"]
[Site "https://www.chess.com"]
[Date "2023.12.19"]
[Round "9"]
[White "Sabuk, Piotr"]
[Black "Pakleza, Zbigniew"]
[Result "0-1"]
[Board "31"]
[TimeControl "180+1"]
[WhiteFideId "1137565"]
[BlackFideId "1119290"]
[WhiteElo "2276"]
[BlackElo "2410"]
[WhiteTeam "POL"]
[BlackTeam "POL"]
[WhiteClock "0:00:13"]
[BlackClock "0:01:09"]

1. d4 d5 2. c4 c6 3. Nf3 Nf6 4. Nc3 Qb6 5. g3 Bf5 6. Qb3 e6 7. c5 Qc7 8. Bf4 Qc8 9. Bg2 h6 10. O-O Nbd7 11. Rac1 Be7 12. Bd6 Bxd6 13. cxd6 Qb8 14. Qa3 O-O 15. Ne5 Rd8 16. f3 Bh7 17. e4 Nb6 18. b3 dxe4 19. Nxe4 Bxe4 20. fxe4 Qxd6 21. Qxd6 Rxd6 22. Nc4 Rxd4 23. e5 Nxc4 24. bxc4 Nd7 25. Rfd1 Rxd1+ 26. Rxd1 Nxe5 27. c5 Kf8 28. Rb1 Rb8 29. Rb3 Nd7 30. Bxc6 bxc6 0-1

[Event "December 19 Late 2023"]
[Site "https://www.chess.com"]
[Date "2023.12.19"]
[Round "9"]
[White "Estrada Nieto, Julian"]
[Black "Weetik, Vjacheslav"]
[Result "0-1"]
[Board "32"]
[TimeControl "180+1"]
[WhiteFideId "5101018"]
[BlackFideId "4153472"]
[WhiteElo "2161"]
[BlackElo "2469"]
[WhiteTeam "ESP"]
[BlackTeam "RUS"]
[WhiteClock "0:00:23"]
[BlackClock "0:00:41"]

1. e4 c6 2. d4 d5 3. exd5 cxd5 4. Bd3 Nf6 5. Nf3 Bg4 6. c3 Nc6 7. Bf4 e6 8. Nbd2 Be7 9. O-O O-O 10. Qb3 Na5 11. Qc2 Bh5 12. Ne5 Nc6 13. Ndf3 Rc8 14. Nxc6 bxc6 15. b4 Bxf3 16. gxf3 g6 17. Qd2 Nh5 18. Bh6 Bd6 19. Qg5 Bf4 20. Qxd8 Rfxd8 21. Bxf4 Nxf4 22. Rfd1 a5 23. a3 Ra8 24. Bf1 Ra7 25. b5 cxb5 26. Bxb5 Rc8 27. Rdc1 Rac7 28. Ba6 Rxc3 29. Bxc8 Rxc1+ 30. Rxc1 Ne2+ 31. Kf1 Nxc1 32. Ke1 Nb3 33. Ke2 Nxd4+ 34. Ke3 Nc2+ 0-1

[Event "December 19 Late 2023"]
[Site "https://www.chess.com"]
[Date "2023.12.19"]
[Round "9"]
[White "Sun, Rick"]
[Black "Domingo Nunez, Alejandro"]
[Result "1-0"]
[Board "33"]
[TimeControl "180+1"]
[WhiteFideId "30909481"]
[BlackFideId "22245561"]
[WhiteElo "2169"]
[BlackElo "2252"]
[WhiteTeam "USA"]
[BlackTeam "ESP"]
[WhiteClock "0:00:48"]
[BlackClock "0:00:10"]

1. d4 Nf6 2. Nc3 d5 3. Bf4 c5 4. e3 e6 5. Nf3 Be7 6. dxc5 Bxc5 7. Bd3 Nc6 8. O-O O-O 9. e4 dxe4 10. Nxe4 Nxe4 11. Bxe4 Qf6 12. Qc1 e5 13. Bg5 Qe6 14. Rd1 Nd4 15. Nxd4 exd4 16. Re1 Qb6 17. Bd3 Be6 18. Qf4 Rfe8 19. Qh4 g6 20. Bf6 Bd5 21. Re5 Qxb2 22. Qxh7+ Kxh7 23. Rh5+ Kg8 24. Rh8# 1-0

[Event "December 19 Late 2023"]
[Site "https://www.chess.com"]
[Date "2023.12.19"]
[Round "9"]
[White "Gunduz, Umut Erdem"]
[Black "Keleberda, Tymur"]
[Result "0-1"]
[Board "34"]
[TimeControl "180+1"]
[WhiteFideId "6381383"]
[BlackFideId "14174294"]
[WhiteElo "2182"]
[BlackElo "2198"]
[WhiteTeam "TUR"]
[BlackTeam "CAN"]
[WhiteClock "0:00:00"]
[BlackClock "0:00:07"]

1. e4 c5 2. Nf3 d6 3. d4 cxd4 4. Nxd4 Nf6 5. Nc3 a6 6. Bg5 e6 7. f4 Nbd7 8. Qf3 h6 9. Bh4 e5 10. Nf5 exf4 11. O-O-O g5 12. Nxd6+ Bxd6 13. Rxd6 Qe7 14. Rd2 Ne5 15. Qf2 Be6 16. Nd5 Bxd5 17. exd5 Nfg4 18. Qd4 gxh4 19. d6 Qe6 20. h3 Nf6 21. Bc4 Nxc4 22. d7+ Ke7 23. Qc5+ Nd6 24. Kd1 Ne4 25. d8=Q+ Rhxd8 26. Qc7+ Rd7 27. Qb6 Nxd2 28. Re1 N6e4 29. Kc1 Qxb6 0-1

[Event "December 19 Late 2023"]
[Site "https://www.chess.com"]
[Date "2023.12.19"]
[Round "9"]
[White "Zhu, Jiner"]
[Black "O`Gorman, Tom"]
[Result "1-0"]
[Board "35"]
[TimeControl "180+1"]
[WhiteFideId "8608059"]
[BlackFideId "2508249"]
[WhiteElo "2384"]
[BlackElo "2288"]
[WhiteTeam "CHN"]
[BlackTeam "IRL"]
[WhiteClock "0:00:11"]
[BlackClock "0:00:13"]

1. Nf3 g6 2. c4 Bg7 3. d4 Nf6 4. Nc3 d6 5. e3 O-O 6. Be2 Nbd7 7. O-O e5 8. b4 Re8 9. Bb2 e4 10. Nd2 Nf8 11. Qc2 Qe7 12. Rfe1 h5 13. c5 d5 14. b5 h4 15. h3 g5 16. f3 Ng6 17. fxe4 dxe4 18. Rf1 g4 19. hxg4 Bh6 20. Nc4 Nxg4 21. Bxg4 Bxg4 22. Nd5 Qg5 23. Nf6+ Kh8 24. d5 Bg7 25. Nxe8 Rxe8 26. Rxf7 Bxb2 27. Qxb2+ Ne5 28. d6 Kg8 29. Re7 Nxc4 30. Rxe8+ Kf7 31. Re7+ Qxe7 32. Rf1+ Bf3 33. dxe7 Nxb2 34. gxf3 Kxe7 35. fxe4 Nd3 36. Rf5 Nb4 37. Rh5 Nxa2 38. Rxh4 Nc3 39. Kf2 Nxb5 40. Kf3 a5 41. e5 Ke6 42. Ke4 Nc3+ 43. Kd4 Nb5+ 44. Kc4 c6 45. Rh7 a4 46. Rxb7 a3 47. Rb8 Kxe5 48. Ra8 Ke4 49. Ra6 Kxe3 50. Rxc6 Nd4 51. Ra6 Nc2 52. Kc3 Nd4 53. Kc4 Nc2 54. c6 Kd2 55. c7 Kc1 56. c8=Q Kb2 57. Qb7+ 1-0

[Event "December 19 Late 2023"]
[Site "https://www.chess.com"]
[Date "2023.12.19"]
[Round "9"]
[White "Goltsev, Dmitry"]
[Black "Khater, Sherif"]
[Result "1-0"]
[Board "36"]
[TimeControl "180+1"]
[WhiteFideId "24176710"]
[BlackFideId "2034280"]
[WhiteElo "2370"]
[BlackElo "2566"]
[WhiteTeam "RUS"]
[BlackTeam "USA"]
[WhiteClock "0:00:08"]
[BlackClock "0:00:05"]

1. e4 a6 2. d4 c6 3. d5 cxd5 4. exd5 d6 5. c4 Nf6 6. Nc3 g6 7. Nf3 Bg7 8. Bd3 O-O 9. O-O Nbd7 10. Re1 Nc5 11. Bc2 e6 12. Bg5 e5 13. b4 Ncd7 14. Ne4 h6 15. Bh4 g5 16. Nfxg5 hxg5 17. Bxg5 Qb6 18. Qd3 Nxe4 19. Rxe4 f5 20. Rh4 e4 21. Qg3 Ne5 22. c5 Qc7 23. Bb3 Ng6 24. cxd6 Qf7 25. Rc1 Nxh4 26. d7 Bxd7 27. d6 Be6 28. Rc7 Qg6 29. Bxh4 Qxg3 30. Bxe6+ Kh8 31. Bxg3 f4 32. Bh4 Bf6 33. Bxf6+ Rxf6 34. d7 Rxe6 35. Rc8+ Kg7 36. Rxa8 Rc6 37. h4 Rc1+ 38. Kh2 e3 39. d8=Q exf2 40. Qf8+ Kh7 41. Qg8+ Kh6 42. Qh8+ Kg6 43. Rg8+ Kf5 44. Rf8+ Ke4 45. Qh7+ Ke3 46. Qe7+ Kd2 47. Qd6+ Kc2 48. Qxf4 f1=Q 49. Qxf1 Rxf1 50. Rxf1 1-0

[Event "December 19 Late 2023"]
[Site "https://www.chess.com"]
[Date "2023.12.19"]
[Round "9"]
[White "Mokshanov, Alexey"]
[Black "Rogov, Matfey"]
[Result "0-1"]
[Board "37"]
[TimeControl "180+1"]
[WhiteFideId "24121657"]
[BlackFideId "44191308"]
[WhiteElo "2278"]
[BlackElo "2057"]
[WhiteTeam "RUS"]
[BlackTeam "RUS"]
[WhiteClock "0:01:16"]
[BlackClock "0:01:24"]

1. e4 e5 2. Nf3 Nc6 3. d4 exd4 4. Nxd4 Nf6 5. Nxc6 bxc6 6. e5 Qe7 7. Qe2 Nd5 8. c4 Ba6 9. b3 f6 10. g3 fxe5 11. Bb2 Nf6 12. Bg2 Qe6 13. O-O Bd6 14. Re1 O-O 15. Qc2 Ng4 16. Bh3 Bc5 17. Re2 Rxf2 18. Rxf2 Rf8 0-1

[Event "December 19 Late 2023"]
[Site "https://www.chess.com"]
[Date "2023.12.19"]
[Round "9"]
[White "Makaraci, Tunahan"]
[Black "Bjelobrk, Igor"]
[Result "0-1"]
[Board "38"]
[TimeControl "180+1"]
[WhiteFideId "6356559"]
[BlackFideId "4300726"]
[WhiteElo "2112"]
[BlackElo "2319"]
[WhiteTeam "TUR"]
[BlackTeam "AUS"]
[WhiteClock "0:00:04"]
[BlackClock "0:00:23"]

1. e4 e6 2. d4 d5 3. Nc3 Bb4 4. Ne2 dxe4 5. a3 Bxc3+ 6. Nxc3 Nc6 7. Bf4 Nf6 8. Bb5 Bd7 9. d5 exd5 10. Nxd5 Nxd5 11. Qxd5 O-O 12. O-O a6 13. Bc4 Be6 14. Qxe4 Qd4 15. Qxd4 Nxd4 16. Bxe6 Nxe6 17. Be3 f5 18. f3 Kf7 19. Rad1 Rfd8 20. Kf2 f4 21. Bc1 g5 22. b3 Nd4 23. Rd2 Nf5 24. Rfd1 Rxd2+ 25. Rxd2 Re8 26. Rd7+ Re7 27. Rxe7+ Kxe7 28. Ke2 Ke6 29. Bd2 b5 30. Ba5 c5 31. Bd8 h6 32. c3 c4 33. bxc4 bxc4 34. Bb6 Kd5 35. Bd8 Kc5 36. a4 Kd5 37. Bf6 Ke6 38. Bd8 Ne3 39. g3 Nd5 40. Kd2 fxg3 41. hxg3 Kf5 42. Ba5 g4 43. Ke2 h5 44. Kf2 Nf6 45. Bd8 Nd7 46. Be7 Nb6 47. fxg4+ hxg4 48. Ke3 Nd5+ 49. Kd4 Nxe7 50. Kxc4 Ke4 51. Kc5 Kf3 52. Kd6 Nf5+ 53. Ke5 Ne3 54. Kd4 Nf5+ 55. Ke5 Nxg3 56. c4 Ne4 0-1

[Event "December 19 Late 2023"]
[Site "https://www.chess.com"]
[Date "2023.12.19"]
[Round "9"]
[White "Filgueira, Hernan"]
[Black "Manukyan, Sargis A."]
[Result "0-1"]
[Board "39"]
[TimeControl "180+1"]
[WhiteFideId "101770"]
[BlackFideId "13303970"]
[WhiteElo "2363"]
[BlackElo "2186"]
[WhiteTeam "ARG"]
[BlackTeam "ARM"]
[WhiteClock "0:00:58"]
[BlackClock "0:01:11"]

1. d4 d5 2. Bf4 Nf6 3. e3 e6 4. Nd2 c5 5. c3 Bd6 6. Bg3 Qc7 7. Ngf3 Nbd7 8. Rc1 O-O 9. c4 Bxg3 10. hxg3 cxd4 11. cxd5 Qb6 12. Nxd4 exd5 13. Bd3 g6 14. N2b3 Ne5 15. O-O a6 16. Be2 Bd7 17. Qd2 Rac8 18. Qa5 Qd6 19. Rxc8 Rxc8 20. Rc1 Rxc1+ 21. Nxc1 Nc6 22. Nxc6 Bxc6 23. Qc3 Ne4 24. Qd4 Nc5 25. Nd3 Ne6 26. Qe5 Qxe5 27. Nxe5 a5 28. Nf3 Kf8 29. Nd4 Ke7 30. f4 Kd6 31. Kf2 Kc5 32. Nxe6+ fxe6 33. Bg4 Kd6 34. Bf3 e5 35. fxe5+ Kxe5 36. a3 d4 37. Bxc6 bxc6 38. Ke2 Ke4 39. exd4 Kxd4 40. Kd2 a4 41. Kc2 c5 42. b3 axb3+ 43. Kxb3 Kd3 44. Kb2 c4 45. Kc1 Kc3 46. g4 Kb3 47. Kd2 Kb2 0-1

[Event "December 19 Late 2023"]
[Site "https://www.chess.com"]
[Date "2023.12.19"]
[Round "9"]
[White "Sturt, Raven"]
[Black "Rama, Tejas"]
[Result "1-0"]
[Board "40"]
[TimeControl "180+1"]
[WhiteFideId "2007304"]
[BlackFideId "30907381"]
[WhiteElo "2408"]
[BlackElo "2089"]
[WhiteTeam "USA"]
[BlackTeam "USA"]
[WhiteClock "0:00:54"]
[BlackClock "0:00:00"]

1. f4 Nf6 2. Nf3 d5 3. e3 c5 4. b3 g6 5. Bb2 Bg7 6. Be2 O-O 7. O-O Nc6 8. Na3 Ne4 9. Qc1 Qc7 10. Bxg7 Kxg7 11. Qb2+ Kg8 12. d3 Nf6 13. Rae1 Bg4 14. h3 Bxf3 15. Bxf3 Rad8 16. c4 Rd7 17. Nb5 Qb8 18. Nc3 d4 19. Na4 Qd6 20. Bxc6 Qxc6 21. exd4 Rxd4 22. Rxe7 Rxd3 23. f5 Ne4 24. Qe2 Qd6 25. Qxe4 Rd2 26. Nc3 Qg3 27. Ne2 Qg5 28. Qe3 1-0

[Event "December 19 Late 2023"]
[Site "https://www.chess.com"]
[Date "2023.12.19"]
[Round "9"]
[White "slidingknight2775"]
[Black "Yashmetov, Mikhail"]
[Result "1-0"]
[Board "41"]
[TimeControl "180+1"]
[BlackFideId "24198900"]
[WhiteElo "2656"]
[BlackElo "2220"]
[BlackTeam "RUS"]
[WhiteClock "0:00:05"]
[BlackClock "0:00:00"]

1. Nf3 Nf6 2. g3 g6 3. Bg2 Bg7 4. O-O O-O 5. c4 c6 6. Nc3 d5 7. cxd5 cxd5 8. d4 Ne4 9. Ne5 Nxc3 10. bxc3 Nc6 11. Nxc6 bxc6 12. Qa4 Qb6 13. Ba3 Qa6 14. Qxa6 Bxa6 15. Rfb1 Rfb8 16. Bxe7 Bxe2 17. Bd6 Rxb1+ 18. Rxb1 Bc4 19. a3 Bh6 20. Bf1 Bd2 21. Bxc4 dxc4 22. Rb4 Bxc3 23. Rxc4 Bb2 24. Ra4 a5 25. Bc7 Ra7 26. Bb6 Rb7 27. Bc5 Rb5 28. Rc4 Rb3 29. a4 Kg7 30. Kg2 Kf6 31. Ba7 Rc3 32. Rxc3 Bxc3 33. Kf3 Ke6 34. Ke4 Be1 35. f3 f5+ 36. Kd3 Kd5 37. Bb6 Bb4 38. g4 fxg4 39. fxg4 h5 40. h3 hxg4 41. hxg4 Be1 42. Bd8 Bb4 43. Bb6 Be1 44. Bc5 Bh4 45. Bf8 Bd8 46. Ba3 Bb6 47. Bb2 c5 48. dxc5 Bxc5 49. Bc3 Bb6 50. Be1 Bd8 51. Bd2 Ke5 52. Kc4 Ke4 53. Kb5 Kf3 54. Bxa5 Be7 55. Bb4 Bd8 56. g5 Kg4 57. Bd2 Kf5 58. a5 Ke4 59. a6 1-0

[Event "December 19 Late 2023"]
[Site "https://www.chess.com"]
[Date "2023.12.19"]
[Round "9"]
[White "Kazmaier, Daniel"]
[Black "Melian, Juan Sebastian"]
[Result "0-1"]
[Board "42"]
[TimeControl "180+1"]
[WhiteFideId "2606089"]
[BlackFideId "3706575"]
[WhiteElo "2492"]
[BlackElo "2098"]
[WhiteTeam "CAN"]
[BlackTeam "PAR"]
[WhiteClock "0:00:06"]
[BlackClock "0:00:47"]

1. d4 Nf6 2. Bg5 d5 3. Bxf6 gxf6 4. c4 dxc4 5. Nc3 e6 6. e3 a6 7. Qf3 Nd7 8. Bxc4 Rb8 9. Nge2 b5 10. Bd3 Bb7 11. Be4 Bxe4 12. Nxe4 f5 13. Nc5 Bxc5 14. dxc5 Qf6 15. Qc6 e5 16. Qxf6 Nxf6 17. f3 Ke7 18. Ng3 Ke6 19. e4 fxe4 20. fxe4 Rbd8 21. Ke2 Rd4 22. Rad1 Rhd8 23. Rxd4 Rxd4 24. Rf1 Nxe4 25. Nf5 Rc4 26. b3 Rxc5 27. Kd3 Nd6 28. Ng7+ Ke7 29. a3 a5 30. b4 axb4 31. axb4 Rd5+ 32. Ke3 Rd4 33. Nf5+ Nxf5+ 34. Rxf5 Ke6 35. Rh5 Rxb4 36. Rxh7 Rb3+ 37. Ke4 f5# 0-1

[Event "December 19 Late 2023"]
[Site "https://www.chess.com"]
[Date "2023.12.19"]
[Round "9"]
[White "Delorme, Axel"]
[Black "Karttunen, Mika"]
[Result "0-1"]
[Board "43"]
[TimeControl "180+1"]
[WhiteFideId "632023"]
[BlackFideId "502081"]
[WhiteElo "2478"]
[BlackElo "2396"]
[WhiteTeam "FRA"]
[BlackTeam "FIN"]
[WhiteClock "0:00:03"]
[BlackClock "0:00:52"]

1. e4 c5 2. Nf3 d6 3. Bb5+ Bd7 4. Bxd7+ Qxd7 5. O-O Nf6 6. Qe2 Nc6 7. c3 e5 8. d4 Be7 9. Rd1 cxd4 10. cxd4 exd4 11. Nxd4 O-O 12. Nc3 Rfe8 13. Bg5 Nxe4 14. Nxe4 Bxg5 15. Qf3 Nxd4 16. Rxd4 Be7 17. Rad1 Qe6 18. b3 Rad8 19. g3 f5 20. Nc3 Bf6 21. Rd5 a6 22. R5d3 Bxc3 23. Rxc3 Rd7 24. Re3 Qf7 25. Rxe8+ Qxe8 26. Qxf5 Qf7 27. Qd5 Qxd5 28. Rxd5 Kf7 29. f4 Ke6 30. Rd2 d5 31. Kf2 Rc7 32. g4 Kd6 33. Ke3 Rc3+ 34. Rd3 Rc2 35. Rd2 Rc1 36. f5 Rf1 37. Rf2 Re1+ 38. Kd3 Rd1+ 39. Kc2 Rg1 40. h3 Ke5 41. Kd3 Rg3+ 42. Kd2 Rxh3 43. g5 Rg3 44. f6 gxf6 45. gxf6 Rg8 46. f7 Rf8 47. Kd3 Ke6 48. Kd4 Rxf7 49. Rxf7 Kxf7 50. Kxd5 Kf6 51. a4 Kf5 52. a5 h5 53. Kc5 h4 54. Kb6 h3 55. Kxb7 h2 56. Kxa6 h1=Q 57. b4 Qa8+ 58. Kb6 Qb8+ 59. Kc5 Qc7+ 60. Kb5 Ke5 61. a6 Kd5 62. Ka4 Kc6 63. b5+ Kb6 0-1

[Event "December 19 Late 2023"]
[Site "https://www.chess.com"]
[Date "2023.12.19"]
[Round "9"]
[White "Gallegos Diaz, Carlos Alberto"]
[Black "Golubev, Mikhail"]
[Result "1-0"]
[Board "44"]
[TimeControl "180+1"]
[WhiteFideId "3900886"]
[BlackFideId "14100983"]
[WhiteElo "2362"]
[BlackElo "2352"]
[WhiteTeam "VEN"]
[BlackTeam "UKR"]
[WhiteClock "0:00:02"]
[BlackClock "0:00:00"]

1. e4 c5 2. Nf3 d6 3. d3 Nf6 4. Nbd2 Nc6 5. h3 g6 6. c3 Bg7 7. Be2 O-O 8. O-O e5 9. a3 h6 10. b4 Be6 11. Bb2 b5 12. d4 c4 13. d5 Nxd5 14. exd5 Bxd5 15. a4 a6 16. Ne1 Be6 17. Ne4 d5 18. Nc5 e4 19. axb5 axb5 20. Rxa8 Qxa8 21. Nxe6 fxe6 22. Bg4 Re8 23. Bxe6+ Rxe6 24. Qxd5 Qc8 25. Nc2 Kh7 26. Qxb5 Ne5 27. Nd4 Ra6 28. Bc1 Nd3 29. Be3 Ra3 30. Qd5 Rxc3 31. Qxe4 Nxb4 32. Ne6 Qc6 33. Qg4 Rd3 34. Nxg7 Kxg7 35. Bd4+ Kh7 36. Qf4 Qd7 37. Ba1 Nc2 38. Be5 Nd4 39. Qf6 1-0

[Event "December 19 Late 2023"]
[Site "https://www.chess.com"]
[Date "2023.12.19"]
[Round "9"]
[White "Polster, Christian"]
[Black "Omelja, Artem"]
[Result "0-1"]
[Board "45"]
[TimeControl "180+1"]
[WhiteFideId "12965081"]
[BlackFideId "14119846"]
[WhiteElo "2141"]
[BlackElo "2404"]
[WhiteTeam "GER"]
[BlackTeam "UKR"]
[WhiteClock "0:00:00"]
[BlackClock "0:01:24"]

1. Na3 e5 2. Nc4 e4 3. d4 d5 4. Ne3 c6 5. c4 f5 6. g3 Nf6 7. h4 Bb4+ 8. Bd2 Bd6 9. Nh3 O-O 10. Nf4 dxc4 11. Nxc4 Bc7 12. Bb4 Re8 13. e3 Nd5 14. Nxd5 cxd5 15. Ne5 Nc6 16. Nxc6 bxc6 17. Qd2 Rb8 18. Bc5 a5 19. b3 Be6 20. Be2 Qf6 21. Rc1 g6 22. Kd1 h6 23. Kc2 g5 24. hxg5 hxg5 25. Rh5 Bf7 26. Rh3 Bg6 27. Rch1 f4 28. gxf4 gxf4 29. Bh5 Re6 30. Bxg6 Qxg6 31. exf4 e3+ 32. Qd3 Qxd3+ 33. Kxd3 exf2 34. Rg3+ Kf7 35. Rh7+ Kf6 36. Rh6+ Kf5 37. Rxe6 f1=Q+ 38. Re2 Re8 39. Re3 Rxe3+ 40. Kxe3 Bxf4+ 41. Kd3 Qd1+ 0-1

[Event "December 19 Late 2023"]
[Site "https://www.chess.com"]
[Date "2023.12.19"]
[Round "9"]
[White "Rojas Alarcon, Julian Antonio"]
[Black "Paragua, Megan Althea"]
[Result "0-1"]
[Board "46"]
[TimeControl "180+1"]
[WhiteFideId "5107407"]
[BlackFideId "30973007"]
[WhiteElo "2340"]
[BlackElo "1961"]
[WhiteTeam "MEX"]
[BlackTeam "USA"]
[WhiteClock "0:00:00"]
[BlackClock "0:00:03"]

1. c4 Nf6 2. g3 e6 3. Bg2 d5 4. Nf3 Be7 5. O-O O-O 6. b3 b6 7. Bb2 Bb7 8. e3 Nbd7 9. Nc3 c5 10. cxd5 exd5 11. d4 Ne4 12. Ne2 Bf6 13. Rc1 Ba6 14. Re1 Rc8 15. Nf4 Bb7 16. Rc2 c4 17. bxc4 dxc4 18. a4 a6 19. Qb1 c3 20. Ba3 Re8 21. Rec1 Bc6 22. Qb3 Nf8 23. Bb4 Qd7 24. Ra1 g5 25. Ne2 Bd5 26. Qb1 Qb7 27. Bh3 Rc7 28. Ne5 Bxe5 29. dxe5 Nd2 30. Rxd2 cxd2 31. Bxd2 Be4 32. Qb2 Rc2 33. Qd4 Qd5 34. Nc3 Qxd4 35. exd4 Bf3 36. Be1 Rd8 37. Bf5 Rb2 38. d5 Bxd5 39. Nxd5 Rxd5 40. Bc3 Rb3 41. Be1 Rxe5 42. Bc8 b5 43. Bxa6 bxa4 44. Kg2 a3 45. Bc4 Rb2 46. Bc3 Rc5 47. Rxa3 Rc2 48. Bb4 R5xc4 49. Be7 Rc8 50. Bxg5 Ng6 51. h4 R2c5 52. Be3 Rf5 53. Kh3 Rd5 54. g4 h5 55. Kg3 hxg4 56. Kxg4 Rc4+ 57. Kg3 Nxh4 58. Ra8+ Kg7 59. Bb6 Nf5+ 60. Kf3 Nh6 61. Be3 Rf5+ 62. Ke2 Ng4 63. Kd3 Rc6 64. Bd4+ f6 65. Ke4 Rg5 66. f4 Rg6 67. Ra7+ Kh6 68. Kf5 Rd6 0-1

[Event "December 19 Late 2023"]
[Site "https://www.chess.com"]
[Date "2023.12.19"]
[Round "9"]
[White "Tao, Sihan"]
[Black "Ghasi, Ameet K"]
[Result "0-1"]
[Board "47"]
[TimeControl "180+1"]
[WhiteFideId "30982677"]
[BlackFideId "409200"]
[WhiteElo "1943"]
[BlackElo "2558"]
[WhiteTeam "USA"]
[BlackTeam "ENG"]
[WhiteClock "0:01:04"]
[BlackClock "0:00:58"]

1. e4 g6 2. d4 Bg7 3. Nc3 d6 4. Be3 a6 5. a4 b6 6. Nf3 Bb7 7. Be2 e6 8. O-O Nd7 9. Qd2 h6 10. Rfe1 Ne7 11. Rad1 Nf6 12. e5 Nfd5 13. Nxd5 Nxd5 14. c3 Qe7 15. h3 Nxe3 16. Qxe3 O-O 17. Nh2 Rad8 18. Bf3 Bc8 19. Bc6 dxe5 20. dxe5 Rxd1 21. Rxd1 Rd8 22. Rd4 h5 23. Nf3 a5 24. Qd3 Rf8 25. Qe4 Qc5 26. Rc4 Qe7 27. Rd4 Bh6 28. Qd3 Qc5 29. Qc4 Qxc4 30. Rxc4 Rd8 31. Re4 Bc1 32. Re2 Rd1+ 33. Kh2 Ba6 34. Bb5 Bb7 35. Nd4 Bf4+ 0-1